 Dungeon Crawl Stone Soup version 0.17-a0-1753-g75d4604 (webtiles) character file.

227 kae the Insei (level 6, 0/47 HPs)
             Began as a Human Monk on Sept 2, 2015.
             Was an Elder of Cheibriados.
             Slain by an orc wizard
             ... wielding a +0 dagger
              (2 damage)
             ... on level 3 of the Dungeon.
             The game lasted 00:05:34 (2639 turns).

kae the Insei (Human Monk)                          Turns: 2639, Time: 00:05:34

Health: 0/47       AC:  4    Str: 20    XL:     6   Next: 22%
Magic:  6/6        EV: 20    Int: 20    God:    Cheibriados [****..]
Gold:   61         SH:  0    Dex: 31    Spells: 0 memorised, 5 levels left

rFire  . . .     SeeInvis .       - Unarmed
rCold  . . .     Clarity  .     a - +0 robe
rNeg   . . .     SustAt   .     (no shield)
rPois  .         Gourm    .     m - +0 hat
rElec  .         Spirit   .     i - +0 cloak
rCorr  .         Warding  .     g - +0 pair of gloves (curse)
rMut   .         Stasis   .     (no boots)
MR     .....                    (no amulet)
Stlth  ++........               (no ring)
                                (no ring)

@: confused, agile, very slightly contaminated, hasted, slow, not resistant to
hostile enchantments, unstealthy
A: no striking features
a: Bend Time, Temporal Distortion, Slouch, Renounce Religion


You were on level 3 of the Dungeon.
You worshipped Cheibriados.
Cheibriados was greatly pleased with you.
You were not hungry.

You visited 1 branch of the dungeon, and saw 3 of its levels.

You collected 61 gold pieces.

Inventory:

Armour
 a - a +0 robe (worn)
 g - a cursed +0 pair of gloves (worn)
 i - a +0 cloak (worn)
 m - a +0 hat (worn)
Jewellery
 r - a +4 ring of strength {unknown}
Magical devices
 f - a wand of magic darts (5)
Scrolls
 c - 2 scrolls of remove curse
 j - a scroll of identify
 n - a scroll of amnesia {unknown}
 p - a scroll of magic mapping {unknown}
 q - a scroll of teleportation {unknown}
 s - 2 scrolls of blinking
 u - a scroll of random uselessness {unknown}
 x - a scroll of immolation {unknown}
 y - a scroll of fear {unknown}
Potions
 d - a potion of flight
 e - a potion of cure mutation
 k - a potion of might
Comestibles
 b - a bread ration
 h - 2 beef jerkies
 t - a meat ration
 w - a slice of pizza
 z - a royal jelly


   Skills:
 - Level 3.0 Fighting
 - Level 3.0 Dodging
 - Level 2.0 Stealth
 + Level 7.0 Unarmed Combat


You had 5 spell levels left.
You didn't know any spells.

Dungeon Overview and Level Annotations

Branches:
Dungeon (3/15)

Altars:
Cheibriados
Gozag
Trog


Message History

You hit something but do no damage.
You bump into the rock wall.
Something barely misses you.
You closely miss something.
You hear some strange, mumbled words.
A magic dart appears from out of thin air!
The magic dart hits you!
* * * LOW HITPOINT WARNING * * *
Things that are here:
a war axe; 18 stones Unknown command.
Something barely misses you.
Unknown command.
Drink which item? (? for menu, Esc to quit)
Okay, then.
You're too confused!
Unknown command.
Drink which item? (? for menu, Esc to quit)
Okay, then.
Something hits you.
You die...

############....##..........#
............................#
############....#...#.......#
.## #...........#....# ..#
#.##......(##....# #.###
#.##.......##....# #...#####
#.##.......####### #.#.....##
#.##......##
#.#####..###....@.....#
#.###...(....##.......#
#..#..##.###.##)).....#
##.#.###..##..........##
.....(..............#..#
#...................##.#
...#####............##.#
.#.## ####.........####
##..## ####.........#


There were no monsters in sight!

Vanquished Creatures
  A hound (D:3)
  An orc priest (D:3)
  Terence (D:3)
  Robin (D:2)
  A gnoll (D:1)
  An adder (D:3)
  An ooze (D:2)
  5 worms
  A giant gecko (D:2)
  3 orcs
  9 bats
  4 giant cockroaches
  8 hobgoblins
  13 jackals
  A giant newt (D:1)
  20 goblins
  7 kobolds
  6 rats
84 creatures vanquished.

Notes
Turn   | Place    | Note
--------------------------------------------------------------
     0 | D:1      | kae the Human Monk began the quest for the Orb.
     0 | D:1      | Reached XP level 1. HP: 18/18 MP: 1/1
    48 | D:1      | Reached XP level 2. HP: 16/24 MP: 2/2
   305 | D:1      | Reached XP level 3. HP: 25/29 MP: 3/3
   424 | D:1      | Reached skill level 5 in Unarmed Combat
   933 | D:2      | Found a bloodstained altar of Trog.
   986 | D:2      | Reached XP level 4. HP: 19/35 MP: 4/4
  1251 | D:2      | Found a faded altar to an unknown god.
  1259 | D:2      | Became a worshipper of Cheibriados the Contemplative
  1259 | D:2      | Acquired Cheibriados's first power
  1691 | D:2      | Acquired Cheibriados's second power
  1744 | D:3      | Noticed Robin
  1778 | D:2      | Killed Robin
  1914 | D:3      | Reached XP level 5. HP: 35/41 MP: 5/5
  1920 | D:3      | Reached skill level 6 in Unarmed Combat
  2120 | D:3      | Found an opulent altar of Gozag.
  2121 | D:3      | Noticed Terence
  2132 | D:3      | Killed Terence
  2417 | D:3      | Acquired Cheibriados's third power
  2417 | D:3      | Reached XP level 6. HP: 47/47 MP: 6/6
  2623 | D:3      | Reached skill level 7 in Unarmed Combat
  2637 | D:3      | HP: 1/47 [something/magic dart (4)]
  2639 | D:3      | Slain by an orc wizard

Vault maps used:
D:1:      minmay_arrival_cross
D:2:      lemuel_crystal_altar, ecumenical_altar_1
D:3:      nicolae_overflow_crystal_walls, uniq_robin, uniq_terence

Action                   |  1- 3 |  4- 6 || total
-------------------------+-------+-------++-------
Melee: Unarmed           |    84 |   161 ||   245
  Use: Scroll            |     4 |       ||     4
       Potion            |       |     6 ||     6
 Stab: Sleeping          |     3 |     7 ||    10
       Distracted        |       |     1 ||     1
  Eat: Chunk             |       |     3 ||     3
